 Dungeon Crawl Stone Soup version 0.28-a0-79-g444c7a33f5 (webtiles) character file.

Game seed: 3227689248480603130

5527 sleeves the Basher (level 10, -1/78 HPs)
             Began as a Hill Orc Hunter on Aug 3, 2021.
             Was a Priest of Okawaru.
             Slain by a troll (7 damage)
             ... on level 10 of the Dungeon.
             The game lasted 00:19:48 (17000 turns).

sleeves the Basher (Hill Orc Hunter)               Turns: 17000, Time: 00:19:48

Health: -1/78      AC: 13    Str: 23    XL:     10   Next: 70%
Magic:  10/10      EV: 10    Int: 11    God:    Okawaru [***...]
Gold:   648        SH:  0    Dex: 19    Spells: 9/9 levels left

rFire   + . .      SeeInvis .   b - +2 whip (venom)
rCold   + . .      Faith    .   (no shield)
rNeg    . . .      Spirit   .   N - +3 scale mail of Prudence {Regen+ Str+4}
rPois   +          Reflect  .   c - +0 helmet
rElec   .          Harm     .   F - +0 cloak {Will+}
rCorr   .          Rampage  .   E - +0 pair of gloves
Will    +....      Clarity  +   (no boots)
Stlth   +.........              (no amulet)
HPRegen 1.23/turn               u - +6 ring of dexterity
MPRegen 0.12/turn               A - ring of protection from fire

@: no status effects
A: agile 1, clarity, cold resistance 1, poison resistance
a: Renounce Religion, Heroism


You were on level 10 of the Dungeon.
You worshipped Okawaru.
Okawaru was most pleased with you.
You visited 2 branches of the dungeon, and saw 11 of its levels.

You collected 648 gold pieces.

Inventory:

Hand Weapons
 a - a +1 hand crossbow
 b - a +2 whip of venom (weapon)
   (You found it on level 2 of the Dungeon)
 m - a +0 short sword
Missiles
 d - 19 bolts
Armour
 c - a +0 helmet (worn)
   (You took it off Robin on level 3 of the Dungeon)
 s - a +1 leather armour of poison resistance
   (You took it off Ijyb on level 3 of the Dungeon)
 z - the +1 ring mail of Stoicism {*Corrode rC+ Dex+4}
   (You found it on level 8 of the Dungeon)

   Dex:       It affects your dexterity (+4).
   rC:        It protects you from cold.
   *Corrode:  It may corrode you when you take damage.
 E - a +0 pair of gloves (worn)
   (You found it on level 8 of the Dungeon)
 F - a +0 cloak of willpower (worn)
   (You took it off Maurice on level 8 of the Dungeon)
 N - the +3 scale mail of Prudence (worn) {Regen+ Str+4}
   (You found it on level 9 of the Dungeon)

   Str:       It affects your strength (+4).
   Regen:     It increases your rate of health regeneration.
Jewellery
 t - a ring of resist corrosion
   (You found it on level 8 of the Dungeon)
 u - a +6 ring of dexterity (left hand)
   (You took it off an orc on level 4 of the Dungeon)
 A - a ring of protection from fire (right hand)
   (You took it off an orc wizard on level 5 of the Dungeon)
Wands
 o - a wand of iceblast (12)
   (You took it off Ijyb on level 3 of the Dungeon)
 w - a wand of polymorph (8)
   (You found it on level 5 of the Dungeon)
 B - a wand of paralysis (4)
   (You found it on level 8 of the Dungeon)
 G - a wand of digging (6)
   (You took it off Maurice on level 8 of the Dungeon)
 M - a wand of flame (30)
   (You found it on level 9 of the Dungeon)
Scrolls
 e - 3 scrolls of noise
 h - 2 scrolls of enchant weapon {unknown}
 k - 11 scrolls of identify {unknown}
 l - 3 scrolls of enchant armour
 p - 3 scrolls of amnesia
 q - a scroll of brand weapon {unknown}
 y - a scroll of torment {unknown}
 C - 3 scrolls of teleportation
 D - a scroll of immolation {unknown}
 I - a scroll of blinking {unknown}
 K - 2 scrolls of fear {unknown}
 L - a scroll of acquirement {unknown}
 O - a scroll of magic mapping
Potions
 f - 2 potions of curing
 g - 4 potions of lignification
 i - 2 potions of mutation
 j - a potion of brilliance
 n - a potion of resistance {unknown}
 r - a potion of haste {unknown}
 v - a potion of flight {unknown}
 x - a potion of degeneration {unknown}
 H - a potion of attraction {unknown}
 J - 3 potions of heal wounds {unknown}


   Skills:
 + Level 4.1 Fighting
 + Level 11.7 Maces & Flails
 + Level 10.2 Crossbows
 + Level 2.8 Armour
 - Level 1.5 Dodging
 - Level 0.7 Stealth


You had 9 spell levels left.
You didn't know any spells.
Your spell library contained the following spells:

 Spells                   Type           Power      Damage    Failure   Level
 Freeze                   Ice            0%         1d3       65%         1
 Magic Dart               Conj           0%         1d3       65%         1
 Corpse Rot               Necr/Air       N/A        N/A       80%         2
 Searing Ray              Conj           0%         3d3       80%         2
 Frozen Ramparts          Ice            0%         1d2       95%         3
 Animate Armour           Summ/Erth      0%         N/A       100%        4
 Dispel Undead            Necr           0%         3d6       100%        4
 Fulminant Prism          Conj/Hex       0%         3d6       100%        4
 Hailstorm                Conj/Ice       0%         3d3       100%        4
 Blade Hands              Tmut           0%         N/A       100%        5
 Death Channel            Necr           0%         N/A       100%        6
 Iron Shot                Conj/Erth      0%         9d1       100%        6


Dungeon Overview and Level Annotations

Branches:
Dungeon (10/15)            Temple (1/1) D:7            Lair (0/6) D:8
    Orc: D:9-12

Altars:
Ashenzari
Cheibriados
Dithmenos
Elyvilon
Fedhas
Gozag
Hepliaklqana
Kikubaaqudgha
Makhleb
Nemelex Xobeh
Okawaru
Qazlal
Ru
Sif Muna
Trog
Uskayaw
Vehumet
Wu Jian
Xom
Yredelemnul
Zin
The Shining One

Shops:
D:2 ?

Annotations:
D:9 2 transporters, Wyvernaa's ghost, novice FoFi


Innate Abilities, Weirdness & Mutations

You are agile. (Dex +2)
You possess an exceptional clarity of mind.
Your flesh is cold resistant. (rC+)
Your system is resistant to poisons. (rPois)


Message History

The killer bee is heavily wounded.
You kill the killer bee!
Okawaru accepts your kill. The killer bee stings you.
You hit the killer bee.
The killer bee is poisoned.
The killer bee is moderately wounded.
The killer bee stings you but does no damage.
The killer bee misses you.
You miss the killer bee.
The killer bee is moderately wounded.
The killer bee barely misses you.
The killer bee stings you but does no damage.
You hit the killer bee.
The killer bee looks as sick as possible!
The killer bee is heavily wounded.
The killer bee stings you. x3
You hit the killer bee but do no damage.
The killer bee looks as sick as possible!
The killer bee is heavily wounded.
The killer bee barely misses you.
The killer bee stings you but does no damage.
The killer bee closely misses you.
You hit the killer bee.
You kill the killer bee!
Okawaru accepts your kill. The killer bee closely misses you.
The killer bee stings you.
The killer bee stings you but does no damage.
You hit the killer bee but do no damage.
The killer bee is poisoned.
The killer bee closely misses you. The killer bee barely misses you.
You barely miss the killer bee.
The killer bee is lightly wounded.
The killer bee barely misses you. The killer bee closely misses you.
You hit the killer bee.
The killer bee is moderately wounded.
The killer bee barely misses you. The killer bee stings you!
You are poisoned.
The killer bee poisons you!
You are too injured to fight recklessly!
You feel sick.
There is a stone staircase leading up here.
You closely miss the killer bee.
You feel sick. The killer bee misses you. The killer bee barely misses you.
You miss the killer bee. The killer bee closely misses you.
The killer bee stings you but does no damage.
You closely miss the killer bee.
You feel sick. The killer bee stings you!
* * * LOW HITPOINT WARNING * * *
The killer bee barely misses you.
You whack the killer bee!
The killer bee is poisoned.
The killer bee is heavily wounded.
The killer bee completely misses you. The killer bee closely misses you.
You miss the killer bee.
The killer bee is heavily wounded.
You feel sick. The killer bee closely misses you. The killer bee misses you.
You hit the killer bee.
You kill the killer bee!
Okawaru accepts your kill. The killer bee stings you!
* * * LOW HITPOINT WARNING * * *
You feel sick.
You kill the killer bee!
Okawaru accepts your kill.
You see here a killer bee corpse.
You feel sick.
There is a stone staircase leading up, spattered with blood here.
You feel sick.
You are no longer poisoned.
You climb upwards.
There is a stone staircase leading down here.
Okay, then.
You start putting on your armour.
You continue putting on your +0 cloak of willpower. x4
You finish putting on your +0 cloak of willpower.
You feel strong-willed.
You start resting.
HP restored.
Unknown command.
You climb downwards.
There is a stone staircase leading up, spattered with blood here.
You now have 515 gold pieces (gained 20).
Found a transporter.
Wyvernaa's ghost turns its malevolent gaze towards you.
J - a pink potion You open the door.
Found a transporter.
There is an open door here.
There is an open door here.
There is a stone staircase leading up here.
K - a scroll labelled RAC LYOSE JULY Wyvernaa's ghost whispers, "The ORB doesn't exist."
Found a chain mail.
Wyvernaa's ghost says, "Your head would complement my pike nicely."
Wyvernaa's ghost screams, "Very impressive.
But it won't help.
Nothing will."
Found 11 stones.
You now have 526 gold pieces (gained 11).
You open the door.
There is an open door here.
You open the door.
There is an open door here.
g - 4 potions of lignification (gained 3)
C - 3 scrolls of teleportation (gained 1)
You now have 544 gold pieces (gained 18).
As you open the door, it creaks loudly!
There is an open door here.
You open the door.
A kobold comes into view. It is wielding a +0 club.
A kobold is nearby!
A kobold is nearby!
A kobold is nearby!
A kobold is nearby!
The kobold throws a stone.
The stone hits you.
There is an open door here.
A kobold brigand comes into view.
It is wielding a +0 dagger and quivering poisoned darts.
The kobold closely misses you.
You whack the kobold!
You kill the kobold!
Okawaru accepts your kill.
The kobold brigand shouts!
Things that are here:
a +0 club; 4 stones; a kobold corpse The kobold brigand misses you.
You hit the kobold brigand but do no damage.
You hit the kobold brigand.
The kobold brigand is lightly wounded.
The kobold brigand barely misses you.
You whack the kobold brigand!
The kobold brigand is poisoned.
The kobold brigand is moderately wounded.
You whack the kobold brigand!
The kobold brigand looks as sick as possible!
The kobold brigand is severely wounded.
The kobold brigand hits you with a +0 dagger.
You whack the kobold brigand!
The kobold brigand looks as sick as possible!
The kobold brigand is almost dead.
You kill the kobold brigand!
Okawaru accepts your kill.
HP restored.
Things that are here:
a +0 dagger; 7 poisoned darts A kobold comes into view.
It is wielding a +0 short sword.
The kobold shouts!
Found 16 gold pieces.
A kobold is nearby!
You hit the kobold.
You kill the kobold!
No target in view!
No target in view!
No target in view!
No target in view!
No target in view!
No target in view!
No target in view!
No target in view!
No target in view!
No target in view!
No target in view!
K - 2 scrolls labelled RAC LYOSE JULY (gained 1)
You see here a +0 short sword.
You now have 560 gold pieces (gained 16).
Wyvernaa's ghost turns its malevolent gaze towards you.
Wyvernaa's ghost whispers, "Soon you will have time, lots of time..."
L - a scroll labelled ZIBOFE MEYCSATWA You open the door.
There is an open door here.
You open the door.
There is an open door here.
M - a wand of flame (7)
You open the door.
There is an open door here.
Found 26 stones.
No target in view!
No target in view!
No target in view!
No target in view!
No target in view!
No target in view!
No target in view!
You now have 571 gold pieces (gained 11).
As you open the door, it creaks loudly!
There is an open door here.
Found a spear.
A gnoll comes into view. It is wielding a +0 spear.
A gnoll is nearby!
A gnoll is nearby!
A gnoll sergeant comes into view. It is wielding a +0 spear.
Found a chain mail.
The gnoll sergeant shouts!
You hear a shout! x2; The gnoll shouts!
A gnoll comes into view. It is wielding a +0 club.
A gnoll comes into view. It is wielding a +0 spear.
Found a scale mail.
A gnoll comes into view. It is wielding a +0 spear.
The gnoll hits you but does no damage.
You hit the gnoll but do no damage.
The gnoll is poisoned.
The gnoll hits you with a +0 spear.
You barely miss the gnoll.
The gnoll is lightly wounded.
You whack the gnoll!
The gnoll is severely wounded.
The gnoll sergeant completely misses you.
You hit the gnoll.
You kill the gnoll!
Okawaru accepts your kill. The gnoll closely misses you.
The gnoll sergeant hits you but does no damage.
The gnoll hits you from afar with a +0 spear.
Found a pink potion and a ring mail.
You hit the gnoll sergeant.
The gnoll sergeant is lightly wounded.
The gnoll closely misses you.
The gnoll sergeant hits you but does no damage.
The gnoll barely misses you.
You hit the gnoll sergeant but do no damage.
The gnoll sergeant is lightly wounded.
The gnoll closely misses you.
You barely miss the gnoll sergeant.
The gnoll sergeant is lightly wounded.
The gnoll sergeant hits you with a +0 spear!
The gnoll hits you from afar with a +0 spear.
You closely miss the gnoll sergeant.
The gnoll sergeant is lightly wounded.
The gnoll hits you from afar with a +0 spear.
You hit the gnoll sergeant but do no damage.
The gnoll sergeant is poisoned.
The gnoll sergeant is lightly wounded.
The gnoll sergeant hits you with a +0 spear.
The gnoll hits you but does no damage. The gnoll misses you.
You hit the gnoll sergeant.
The gnoll sergeant looks even sicker.
The gnoll sergeant is moderately wounded.
The gnoll barely misses you.
You hit the gnoll sergeant.
The gnoll sergeant looks as sick as possible!
The gnoll sergeant is heavily wounded.
The gnoll hits you with a +0 club!
The gnoll sergeant hits you with a +0 spear!
The gnoll hits you from afar with a +0 spear.
You are too injured to fight recklessly!
You are too injured to fight recklessly!
The gnoll closely misses you.
The gnoll sergeant hits you from afar with a +0 spear.
* * * LOW HITPOINT WARNING * * *
The gnoll barely misses you.
You kill the gnoll sergeant!
Okawaru accepts your kill.
The gnoll hits you from afar with a +0 spear.
* * * LOW HITPOINT WARNING * * *
There is a stone staircase leading up here.
The gnoll hits you from afar with a +0 spear.
You climb upwards.
The orc warrior shouts!
The orc priest shouts!
The orc priest shouts, "Surrender to Beogh and we'll let you live!"
The orc priest calls down the wrath of Beogh upon you.
You easily resist.
There is a stone staircase leading down here.
Okay, then.
Unknown command.
Unknown command.
Unknown command.
Unknown command.
There are monsters nearby!
The orc priest mumbles some strange prayers to Beogh against you.
You easily resist.
The orc priest looks encouraged for a moment.
The orc warrior hits you with a +0 mace.
The orc warrior hits you with a +0 mace!
* * * LOW HITPOINT WARNING * * *
There is a stone staircase leading up here.
The orc priest looks satisfied for a moment.
The orc priest mumbles some strange prayers to Beogh against you.
Beogh smites you!
* * * LOW HITPOINT WARNING * * *
You see here a +0 dagger.
There is a fountain of clear blue water here.
You see here a scroll of vulnerability.
There is an escape hatch in the ceiling here.
A mysterious force pulls you upwards. The hatch slams shut behind you.
You start resting.
HP restored.
(D) Dungeon (T) Temple (L) Lair
Where to? (Enter - D:9, ? - help)
There is an open door here.
There is a stone staircase leading down here.
You climb downwards.
There is a stone staircase leading up here.
Done exploring.
Done exploring.
Done exploring.
Done exploring.
Done exploring.
Done exploring.
(D) Dungeon (T) Temple (L) Lair
Where to? (Enter - D:8, ? - help)
Things that are here:
+0 acid dragon scales; a +0 long sword
There is a stone staircase leading down here.
You climb downwards.
Level annotation: 2 transporters, Wyvernaa's ghost, novice FoFi The gnoll barely misses you.
There is a stone staircase leading up, spattered with blood here.
There are monsters nearby!
There are monsters nearby!
There are monsters nearby!
There are monsters nearby!
The gnoll barely misses you.
You hit the gnoll.
The gnoll is moderately wounded.
The gnoll hits you from afar with a +0 spear.
You whack the gnoll!
You kill the gnoll!
Okawaru accepts your kill. The gnoll barely misses you.
You hit the gnoll.
The gnoll is heavily wounded.
The gnoll hits you from afar with a +0 spear.
You barely miss the gnoll.
The gnoll is heavily wounded.
The gnoll barely misses you.
You closely miss the gnoll.
The gnoll is heavily wounded.
The gnoll hits you from afar with a +0 spear.
You barely miss the gnoll.
The gnoll is heavily wounded.
The gnoll misses you.
You hit the gnoll.
The gnoll is poisoned.
The gnoll is almost dead.
The gnoll barely misses you.
You hit the gnoll.
You kill the gnoll!
Okawaru accepts your kill. The gnoll barely misses you.
Things that are here:
a +0 spear; a gnoll corpse You hit the gnoll but do no damage.
The gnoll is poisoned.
The gnoll closely misses you.
You closely miss the gnoll.
The gnoll is lightly wounded.
You closely miss the gnoll.
The gnoll is lightly wounded.
The gnoll hits you but does no damage.
You hit the gnoll.
The gnoll looks as sick as possible!
The gnoll is heavily wounded.
The gnoll completely misses you.
You whack the gnoll!
You kill the gnoll!
Okawaru accepts your kill.
No reachable target in view!
No reachable target in view!
No reachable target in view!
No reachable target in view!
No reachable target in view!
Wyvernaa's ghost wails.
HP restored.
Things that are here:
a +0 club; a gnoll corpse Wyvernaa's ghost waves a bulging coin purse at you.
Things that are here:
a +0 spear; a gnoll corpse
Things that are here:
a +0 club; a gnoll corpse
Things that are here:
a +0 ring mail; a +0 spear; a gnoll skeleton You see here a +0 scale mail.
J - 2 pink potions (gained 1)
Found a hazy altar of Hepliaklqana.
Found a stone staircase leading down.
Found a scale mail.
Found a stone staircase leading down.
You now have 584 gold pieces (gained 13).
p - 3 scrolls of amnesia (gained 1)
o - a wand of iceblast (12) (gained 3 charges)
Found a ring mail.
Found a falchion.
You see here a +0 ring mail.
You see here a +0 falchion.
You now have 595 gold pieces (gained 11).
Found an ancient bone altar of Kikubaaqudgha.
You open the door.
There is an open door here.
You open the door.
There is an open door here.
You open the door.
A wyvern comes into view.
Found a book of Iron.
A wyvern is nearby!
There is an open door here.
The helpless wyvern fails to defend itself.
You hit the wyvern but do no damage.
The wyvern is poisoned.
The wyvern bites you but does no damage.
You hit the wyvern.
The wyvern looks as sick as possible!
The wyvern is moderately wounded.
The wyvern bites you!
You hit the wyvern.
The wyvern is moderately wounded.
The wyvern closely misses you.
You barely miss the wyvern.
The wyvern is moderately wounded.
You hit the wyvern but do no damage.
The wyvern looks as sick as possible!
The wyvern is moderately wounded.
The wyvern bites you!
You hit the wyvern.
The wyvern looks as sick as possible!
The wyvern is severely wounded.
The wyvern bites you but does no damage.
You closely miss the wyvern.
The wyvern is severely wounded.
The wyvern bites you!
* * * LOW HITPOINT WARNING * * *
You are too injured to fight recklessly!
You are too injured to fight recklessly!
You are too injured to fight recklessly!
You are too injured to fight recklessly!
A wyvern is nearby!
A wyvern is nearby!
A wyvern is nearby!
A wyvern is nearby!
You are too injured to fight recklessly!
You are too injured to fight recklessly!
You are too injured to fight recklessly!
You are too injured to fight recklessly!
You are too injured to fight recklessly!
You are too injured to fight recklessly!
You are too injured to fight recklessly!
You are too injured to fight recklessly!
You are too injured to fight recklessly!
You whack the wyvern!
The wyvern looks as sick as possible!
The wyvern is almost dead.
The wyvern bites you.
* * * LOW HITPOINT WARNING * * *
You barely miss the wyvern.
The wyvern is almost dead.
You kill the wyvern!
Okawaru accepts your kill.
You start resting.
HP restored.
You pick up a book of Iron and begin reading...
You add the spells Animate Armour, Blade Hands and Iron Shot to your library.
There is an open door here.
Found 6 large rocks.
Found a crude scale mail.
Found a stone staircase leading down.
You see here the +3 scale mail of Prudence {Regen+ Str+4}.
N - the +3 scale mail of Prudence {Regen+ Str+4} You start removing your armour.
You continue taking off your +1 leather armour of poison resistance. x4
You finish taking off your +1 leather armour of poison resistance.
You start putting on your armour.
You continue putting on the +3 scale mail of Prudence {Regen+ Str+4}. x5
You finish putting on the +3 scale mail of Prudence {Regen+ Str+4}.
The scale mail of Prudence throbs as it attunes itself to your uninjured body.
You feel stronger.
Unknown command.
Unknown command.
Unknown command.
Unknown command.
M - a wand of flame (30) (gained 23 charges) Partly explored, unvisited transporter.
Partly explored, unvisited transporter.
Partly explored, unvisited transporter.
Partly explored, unvisited transporter.
Partly explored, unvisited transporter.
No target in view!
No target in view!
No target in view!
Unknown command.
Search for what [Enter for "glov", or ? for help]? armor Partly explored, unvisited transporter.
Partly explored, unvisited transporter.
Partly explored, unvisited transporter.
(D) Dungeon (T) Temple (L) Lair
Where to? (Enter - D:9, ? - help)
There is a stone staircase leading down here.
You climb downwards.
There is a stone staircase leading up here.
Found a stone staircase leading up.
Found a stone staircase leading up.
You now have 609 gold pieces (gained 14). 2 vampire mosquitoes come into view.
The vampire mosquito buzzes angrily. x2; You hear an angry buzzing noise.
A vampire mosquito comes into view.
There are monsters nearby!
There are monsters nearby!
The vampire mosquito bites you but does no damage.
The vampire mosquito bites you but does no damage.
The vampire mosquito barely misses you.
The vampire mosquito bites you but does no damage.
The vampire mosquito bites you.
The vampire mosquito draws strength from your injuries!
The vampire mosquito barely misses you.
You closely miss the vampire mosquito.
The vampire mosquito closely misses you.
You hit the vampire mosquito.
The vampire mosquito is moderately damaged.
The vampire mosquito bites you.
The vampire mosquito draws strength from your injuries!
You barely miss the vampire mosquito.
The vampire mosquito is lightly damaged.
The vampire mosquito bites you but does no damage.
You whack the vampire mosquito!
The vampire mosquito is moderately damaged.
The vampire mosquito bites you.
The vampire mosquito draws strength from your injuries!
You hit the vampire mosquito.
The vampire mosquito is moderately damaged.
The vampire mosquito barely misses you.
You whack the vampire mosquito!
The vampire mosquito is heavily damaged.
The vampire mosquito bites you.
The vampire mosquito draws strength from your injuries!
You hit the vampire mosquito.
The vampire mosquito is heavily damaged.
The vampire mosquito barely misses you.
You barely miss the vampire mosquito.
The vampire mosquito is heavily damaged.
The vampire mosquito bites you.
The vampire mosquito draws strength from your injuries!
You closely miss the vampire mosquito.
The vampire mosquito is moderately damaged.
The vampire mosquito misses you.
You hit the vampire mosquito but do no damage.
The vampire mosquito is moderately damaged.
The vampire mosquito bites you.
The vampire mosquito draws strength from your injuries!
You hit the vampire mosquito.
The vampire mosquito is heavily damaged.
The vampire mosquito bites you but does no damage.
You hit the vampire mosquito.
The vampire mosquito is severely damaged.
The vampire mosquito barely misses you.
You barely miss the vampire mosquito.
The vampire mosquito is severely damaged.
The vampire mosquito barely misses you.
You closely miss the vampire mosquito.
The vampire mosquito is severely damaged.
The vampire mosquito bites you but does no damage.
The vampire mosquito barely misses you.
You miss the vampire mosquito.
The vampire mosquito is severely damaged.
You closely miss the vampire mosquito.
The vampire mosquito is severely damaged.
The vampire mosquito bites you but does no damage.
You hit the vampire mosquito.
The vampire mosquito is severely damaged.
The vampire mosquito closely misses you.
You closely miss the vampire mosquito.
The vampire mosquito is severely damaged.
The vampire mosquito bites you but does no damage.
You hit the vampire mosquito.
The vampire mosquito is almost destroyed.
The vampire mosquito barely misses you.
You barely miss the vampire mosquito.
The vampire mosquito is almost destroyed.
The vampire mosquito bites you.
The vampire mosquito draws strength from your injuries!
You whack the vampire mosquito!
The vampire mosquito is almost destroyed.
The vampire mosquito closely misses you.
The vampire mosquito bites you but does no damage.
You closely miss the vampire mosquito.
The vampire mosquito is almost destroyed.
The vampire mosquito completely misses you.
You closely miss the vampire mosquito.
The vampire mosquito is almost destroyed.
The vampire mosquito bites you but does no damage.
You whack the vampire mosquito!
You destroy the vampire mosquito!
Okawaru accepts your kill.
Your Armour skill increases to level 1!
You hit the vampire mosquito.
The vampire mosquito is lightly damaged.
The vampire mosquito barely misses you.
You hit the vampire mosquito.
The vampire mosquito is lightly damaged.
The vampire mosquito closely misses you.
You barely miss the vampire mosquito.
The vampire mosquito is lightly damaged.
The vampire mosquito bites you!
The vampire mosquito draws strength from your injuries!
You hit the vampire mosquito.
The vampire mosquito is lightly damaged.
The vampire mosquito bites you but does no damage.
You hit the vampire mosquito.
The vampire mosquito is moderately damaged.
The vampire mosquito bites you but does no damage.
You hit the vampire mosquito.
The vampire mosquito is heavily damaged.
The vampire mosquito closely misses you.
You miss the vampire mosquito.
The vampire mosquito is heavily damaged.
The vampire mosquito bites you.
The vampire mosquito draws strength from your injuries!
You barely miss the vampire mosquito.
The vampire mosquito is moderately damaged.
The vampire mosquito barely misses you.
You miss the vampire mosquito.
The vampire mosquito is moderately damaged.
The vampire mosquito bites you but does no damage.
You hit the vampire mosquito.
The vampire mosquito is heavily damaged.
The vampire mosquito misses you.
You hit the vampire mosquito.
The vampire mosquito is severely damaged.
The vampire mosquito bites you but does no damage.
You hit the vampire mosquito.
The vampire mosquito is severely damaged.
The vampire mosquito closely misses you.
You hit the vampire mosquito.
The vampire mosquito is almost destroyed.
The vampire mosquito bites you but does no damage.
You hit the vampire mosquito.
The vampire mosquito is almost destroyed.
The vampire mosquito bites you but does no damage.
You closely miss the vampire mosquito.
The vampire mosquito is almost destroyed.
The vampire mosquito completely misses you.
You hit the vampire mosquito.
You destroy the vampire mosquito!
Okawaru accepts your kill.
Your Fighting skill increases to level 3!
You completely miss the vampire mosquito.
The vampire mosquito bites you but does no damage.
You closely miss the vampire mosquito. The vampire mosquito barely misses you.
You miss the vampire mosquito.
The vampire mosquito bites you but does no damage.
You hit the vampire mosquito but do no damage.
The vampire mosquito bites you.
The vampire mosquito draws strength from your injuries!
You closely miss the vampire mosquito. The vampire mosquito bites you!
The vampire mosquito draws strength from your injuries!
You hit the vampire mosquito.
The vampire mosquito is lightly damaged.
The vampire mosquito bites you but does no damage.
You closely miss the vampire mosquito.
The vampire mosquito is lightly damaged.
The vampire mosquito barely misses you.
You hit the vampire mosquito.
The vampire mosquito is lightly damaged.
The vampire mosquito bites you but does no damage.
You completely miss the vampire mosquito.
The vampire mosquito is lightly damaged.
The vampire mosquito bites you.
The vampire mosquito draws strength from your injuries!
You hit the vampire mosquito.
The vampire mosquito is moderately damaged.
The vampire mosquito barely misses you.
You hit the vampire mosquito.
The vampire mosquito is heavily damaged.
The vampire mosquito bites you but does no damage.
You barely miss the vampire mosquito.
The vampire mosquito is heavily damaged.
The vampire mosquito barely misses you.
You hit the vampire mosquito.
The vampire mosquito is heavily damaged.
The vampire mosquito closely misses you.
You miss the vampire mosquito.
The vampire mosquito is heavily damaged.
The vampire mosquito bites you but does no damage.
You miss the vampire mosquito.
The vampire mosquito is heavily damaged.
The vampire mosquito closely misses you.
You hit the vampire mosquito.
The vampire mosquito is severely damaged.
The vampire mosquito bites you!
The vampire mosquito draws strength from your injuries!
You are too injured to fight recklessly!
You are too injured to fight recklessly!
You are too injured to fight recklessly!
You are too injured to fight recklessly!
You are too injured to fight recklessly!
You are too injured to fight recklessly!
You are too injured to fight recklessly!
You are too injured to fight recklessly!
You are too injured to fight recklessly!
You are too injured to fight recklessly!
You are too injured to fight recklessly!
You are too injured to fight recklessly!
You are too injured to fight recklessly!
You are too injured to fight recklessly!
You are too injured to fight recklessly!
You are too injured to fight recklessly!
You are too injured to fight recklessly!
You are too injured to fight recklessly!
You are too injured to fight recklessly!
You are too injured to fight recklessly!
You are too injured to fight recklessly!
You are too injured to fight recklessly!
You are too injured to fight recklessly!
You are too injured to fight recklessly!
You are too injured to fight recklessly!
You whack the vampire mosquito!
The vampire mosquito is severely damaged.
The vampire mosquito bites you.
The vampire mosquito draws strength from your injuries!
You hit the vampire mosquito but do no damage.
The vampire mosquito is heavily damaged.
The vampire mosquito barely misses you.
You hit the vampire mosquito.
The vampire mosquito is severely damaged.
The vampire mosquito barely misses you.
You barely miss the vampire mosquito.
The vampire mosquito is severely damaged.
The vampire mosquito bites you.
The vampire mosquito draws strength from your injuries!
You closely miss the vampire mosquito.
The vampire mosquito is severely damaged.
The vampire mosquito barely misses you.
You whack the vampire mosquito!
You destroy the vampire mosquito!
Okawaru accepts your kill.
Your Crossbows skill increases to level 10!
You see here a vampire mosquito corpse.
You start resting.
HP restored.
Found a hand crossbow.
Found a stone staircase leading down.
J - 3 pink potions (gained 1)
A centaur warrior comes into view.
A centaur warrior is nearby!
The centaur warrior wields a +0 shortbow.
The centaur warrior shoots an arrow.
The arrow completely misses you.
A centaur warrior zombie comes into view.
The centaur warrior shoots an arrow.
The arrow hits you!
The centaur warrior shoots an arrow.
The arrow hits you!
You hit the centaur warrior zombie.
The centaur warrior zombie is lightly damaged.
The centaur warrior shoots an arrow.
The arrow hits you!
The centaur warrior zombie hits you but does no damage.
The centaur warrior zombie kicks you but does no damage.
You are too injured to fight recklessly!
You are too injured to fight recklessly!
You are too injured to fight recklessly!
You are too injured to fight recklessly!
You are too injured to fight recklessly!
You are too injured to fight recklessly!
You are too injured to fight recklessly!
You are too injured to fight recklessly!
You are too injured to fight recklessly!
You are too injured to fight recklessly!
You are too injured to fight recklessly!
The centaur warrior shoots an arrow.
The arrow hits you!!
* * * LOW HITPOINT WARNING * * *
You hit the centaur warrior zombie.
The centaur warrior zombie is lightly damaged.
The centaur warrior zombie hits you but does no damage.
The centaur warrior zombie kicks you.
* * * LOW HITPOINT WARNING * * *
You hit the centaur warrior zombie.
The centaur warrior zombie is lightly damaged.
You hit the centaur warrior.
The centaur warrior is poisoned.
The centaur warrior is lightly wounded.
You closely miss the centaur warrior.
The centaur warrior is lightly wounded.
The centaur warrior unwields a +0 shortbow.
The centaur warrior hits you but does no damage.
The centaur warrior kicks you but does no damage.
You closely miss the centaur warrior.
The centaur warrior is lightly wounded.
You whack the centaur warrior!
The centaur warrior is moderately wounded.
The centaur warrior hits you!
* * * LOW HITPOINT WARNING * * *
The centaur warrior barely misses you.
You hit the centaur warrior but do no damage.
The centaur warrior looks as sick as possible!
The centaur warrior is moderately wounded.
The centaur warrior completely misses you.
The centaur warrior kicks you but does no damage.
You hit the centaur warrior but do no damage.
The centaur warrior looks as sick as possible!
The centaur warrior is moderately wounded.
The centaur warrior misses you.
The centaur warrior kicks you but does no damage.
You hit the centaur warrior.
The centaur warrior looks as sick as possible!
The centaur warrior is moderately wounded.
The centaur warrior closely misses you. x2
You hit the centaur warrior.
The centaur warrior is moderately wounded.
The centaur warrior hits you.
* * * LOW HITPOINT WARNING * * *
The centaur warrior kicks you but does no damage.
Okay, then.
You hit the centaur warrior but do no damage.
The centaur warrior looks as sick as possible!
The centaur warrior is moderately wounded.
You hit the centaur warrior.
The centaur warrior looks as sick as possible!
The centaur warrior is moderately wounded.
The centaur warrior hits you but does no damage.
The centaur warrior kicks you but does no damage.
You hit the centaur warrior.
The centaur warrior is heavily wounded.
The centaur warrior barely misses you.
The centaur warrior kicks you but does no damage.
You hit the centaur warrior.
The centaur warrior looks as sick as possible!
The centaur warrior is heavily wounded.
The centaur warrior hits you but does no damage.
The centaur warrior kicks you but does no damage.
You hit the centaur warrior.
The centaur warrior looks as sick as possible!
The centaur warrior is severely wounded.
You hit the centaur warrior but do no damage.
The centaur warrior looks as sick as possible!
The centaur warrior is severely wounded.
The centaur warrior hits you!
* * * LOW HITPOINT WARNING * * *
The centaur warrior kicks you.
* * * LOW HITPOINT WARNING * * *
You closely miss the centaur warrior.
The centaur warrior is severely wounded.
The centaur warrior barely misses you.
The centaur warrior kicks you but does no damage.
You whack the centaur warrior!
The centaur warrior looks as sick as possible!
The centaur warrior is almost dead.
The centaur warrior hits you.
* * * LOW HITPOINT WARNING * * *
The centaur warrior barely misses you.
You whack the centaur warrior!
You kill the centaur warrior!
Okawaru is honoured by your kill.
Your Armour skill increases to level 2!
You hit the centaur warrior zombie.
The centaur warrior zombie is lightly damaged.
You hit the centaur warrior zombie.
The centaur warrior zombie is lightly damaged.
The centaur warrior zombie closely misses you. x2
You barely miss the centaur warrior zombie.
The centaur warrior zombie is lightly damaged.
The centaur warrior zombie hits you but does no damage.
The centaur warrior zombie kicks you but does no damage.
Your +2 whip of venom stops dripping with poison.
a - a +1 hand crossbow (weapon)
Fire: 20 bolts
Press: ? - help, Q - select action, (/) - cycle Shift-Dir - straight line, f - centaur warrior zombie
Aim: a centaur warrior zombie (lightly damaged, 89% to hit)
You shoot a bolt.
The bolt hits the centaur warrior zombie!
The centaur warrior zombie is moderately damaged.
The centaur warrior zombie hits you.
* * * LOW HITPOINT WARNING * * *
The centaur warrior zombie closely misses you.
The centaur warrior zombie hits you but does no damage.
The centaur warrior zombie misses you.
Fire: 19 bolts
Press: ? - help, Q - select action, (/) - cycle Shift-Dir - straight line, f/p - centaur warrior zombie
Aim: a centaur warrior zombie (moderately damaged, 89% to hit)
You shoot a bolt.
The bolt hits the centaur warrior zombie.
The centaur warrior zombie is moderately damaged.
The centaur warrior zombie hits you.
* * * LOW HITPOINT WARNING * * *
The centaur warrior zombie misses you.
Fire: 18 bolts
Press: ? - help, Q - select action, (/) - cycle Shift-Dir - straight line, f/p - centaur warrior zombie
Aim: a centaur warrior zombie (moderately damaged, 89% to hit)
You shoot a bolt.
The bolt hits the centaur warrior zombie!
The centaur warrior zombie is heavily damaged.
The centaur warrior zombie hits you.
* * * LOW HITPOINT WARNING * * *
The centaur warrior zombie closely misses you.
Fire: 17 bolts
Press: ? - help, Q - select action, (/) - cycle Shift-Dir - straight line, f/p - centaur warrior zombie
Aim: a centaur warrior zombie (heavily damaged, 89% to hit)
You shoot a bolt.
The bolt hits the centaur warrior zombie!
The centaur warrior zombie is heavily damaged.
The centaur warrior zombie hits you but does no damage.
The centaur warrior zombie closely misses you.
Fire: 16 bolts
Press: ? - help, Q - select action, (/) - cycle Shift-Dir - straight line, f/p - centaur warrior zombie
Aim: a centaur warrior zombie (heavily damaged, 89% to hit)
You shoot a bolt.
The bolt hits the centaur warrior zombie!!
The centaur warrior zombie is severely damaged.
The centaur warrior zombie completely misses you.
The centaur warrior zombie kicks you but does no damage.
The centaur warrior zombie hits you.
* * * LOW HITPOINT WARNING * * *
The centaur warrior zombie barely misses you.
Fire: 15 bolts
Press: ? - help, Q - select action, (/) - cycle Shift-Dir - straight line, f/p - centaur warrior zombie
Aim: a centaur warrior zombie (severely damaged, 89% to hit)
You shoot a bolt.
The bolt hits the centaur warrior zombie!
The centaur warrior zombie is almost destroyed.
The centaur warrior zombie hits you but does no damage.
The centaur warrior zombie kicks you but does no damage.
Fire: 14 bolts
Press: ? - help, Q - select action, (/) - cycle Shift-Dir - straight line, f/p - centaur warrior zombie
Aim: a centaur warrior zombie (almost destroyed, 89% to hit)
You shoot a bolt.
The bolt hits the centaur warrior zombie!
You destroy the centaur warrior zombie!
Okawaru accepts your kill.
Okawaru will now gift you ammunition as you gain piety.
Your Fighting skill increases to level 4!
d - 19 bolts (gained 6)
You start resting.
HP restored.
You start waiting.
Done waiting.
Your +2 whip of venom begins to drip with poison!
b - a +2 whip of venom (weapon)
O - a scroll of magic mapping You now have 628 gold pieces (gained 19).
Items here: ( ) = †.
Items here: ( ) = †.
You see here a +0 hand crossbow.
Found a whip.
Found a quarterstaff.
You now have 648 gold pieces (gained 20).
A troll comes into view.
A troll is nearby!
A troll is nearby!
A troll is nearby!
A troll is nearby!
A troll is nearby!
A troll is nearby!
A troll is nearby!
A troll is nearby!
A troll is nearby!
A troll is nearby!
A troll is nearby!
A troll is nearby!
A troll is nearby!
A troll is nearby!
You hit the troll.
The troll is poisoned.
The troll is lightly wounded.
You closely miss the troll.
The troll is lightly wounded.
The troll bites you! The troll claws you but does no damage.
The troll misses you.
You closely miss the troll.
The troll is lightly wounded.
You hit the troll.
The troll looks as sick as possible!
The troll is lightly wounded.
The troll barely misses you. The troll closely misses you.
The troll claws you but does no damage.
You hit the troll.
The troll looks as sick as possible!
The troll is moderately wounded.
You completely miss the troll.
The troll is moderately wounded.
The troll bites you. The troll barely misses you. x2
You hit the troll.
The troll looks as sick as possible!
The troll is heavily wounded.
You hit the troll but do no damage.
The troll looks as sick as possible!
The troll is heavily wounded.
The troll closely misses you. The troll claws you! The troll claws you.
You closely miss the troll.
The troll is heavily wounded.
You closely miss the troll.
The troll is heavily wounded.
The troll barely misses you. The troll claws you but does no damage.
The troll claws you.
You completely miss the troll.
The troll is heavily wounded.
The troll bites you! The troll claws you!
* * * LOW HITPOINT WARNING * * *
The troll claws you.
* * * LOW HITPOINT WARNING * * *
You are too injured to fight recklessly!
You are too injured to fight recklessly!
You are too injured to fight recklessly!
You are too injured to fight recklessly!
You are too injured to fight recklessly!
You are too injured to fight recklessly!
You are too injured to fight recklessly!
You are too injured to fight recklessly!
You are too injured to fight recklessly!
You are too injured to fight recklessly!
You are too injured to fight recklessly!
You are too injured to fight recklessly!
A troll is nearby!
A troll is nearby!
A troll is nearby!
You closely miss the troll.
The troll is heavily wounded.
You hit the troll.
The troll looks as sick as possible!
The troll is severely wounded.
The troll bites you but does no damage. The troll barely misses you.
The troll closely misses you.
You barely miss the troll.
The troll is severely wounded.
You closely miss the troll.
The troll is severely wounded.
The troll bites you!
* * * LOW HITPOINT WARNING * * *
The troll claws you!
* * * LOW HITPOINT WARNING * * *
The troll closely misses you.
You hit the troll.
The troll looks as sick as possible!
The troll is almost dead.
You closely miss the troll.
The troll is almost dead.
The troll bites you but does no damage. The troll claws you!
* * * LOW HITPOINT WARNING * * *
The troll claws you but does no damage. The troll bites you!
* * * LOW HITPOINT WARNING * * *
The troll misses you. The troll claws you but does no damage.
The troll barely misses you. The troll claws you!
You die...

######### #####
#.......# ....#
#.#####.# ###.#
###.#####.#
.##.####......##.#
.........#.##)##.#
###.######)# ##@#
....# #.....T.#
##### ####.#### #
#########
#.......#
#.......#
#.......#
........#


You could see a troll (extremely poisoned).

Vanquished Creatures
  A centaur warrior (D:10)
  Maurice (D:8)
  A centaur zombie (D:10)
  Joseph (D:7)
  Maggie (D:8)
  Prince Ribbit (D:8)
  A wyvern (D:9)
  A steam dragon (D:8)
  3 vampire mosquitoes (D:10)
  2 water moccasins
  An ice beast (D:3)
  2 black bears
  A centaur (D:5)
  2 phantoms
  A kobold brigand (D:9)
  3 bullfrogs
  A gnoll sergeant (D:9)
  A water moccasin zombie (D:6)
  5 scorpions
  13 killer bees
  A water moccasin skeleton (D:5)
  A bullfrog zombie (D:5)
  5 hounds
  A centaur skeleton (D:7)
  2 orc priests
  3 jellies
  A gnoll shaman (D:7)
  Ijyb (D:3)
  3 iguanas
  2 orc wizards
  Robin (D:3)
  13 gnolls
  9 adders
  2 shadow imps
  An ufetubus (D:7)
  4 dart slugs
  4 worms
  8 orcs
  7 ball pythons
  6 endoplasms
  2 giant cockroaches
  17 goblins
  8 hobgoblins
  9 jackals
  4 quokkas
  4 bats
  9 kobolds
  4 rats
175 creatures vanquished.

Notes
Turn   | Place    | Note
-------+----------+-------------------------------------------
     0 | D:1      | sleeves the Hill Orc Hunter began the quest for the Orb.
     0 | D:1      | Reached XP level 1. HP: 18/18 MP: 1/1
   176 | D:1      | Found a faded altar of an unknown god.
   259 | D:1      | Reached skill level 4 in Crossbows
   259 | D:1      | Reached XP level 2. HP: 25/25 MP: 2/2
   857 | D:2      | Found Cuurypong's Magic Scroll Emporium.
  1170 | D:2      | Reached XP level 3. HP: 17/30 MP: 3/3
  1396 | D:2      | HP: 15/30 [poisoned by an adder]
  1573 | D:2      | Found a sacrificial altar of Ru.
  2223 | D:2      | Reached skill level 5 in Crossbows
  2223 | D:2      | Reached XP level 4. HP: 30/37 MP: 4/4
  2916 | D:3      | HP: 13/37 [gnoll (6)]
  2943 | D:3      | HP: 14/37 [gnoll (2)]
  2999 | D:2      | HP: 12/37 [gnoll (5)]
  3207 | D:3      | Noticed an ice beast
  3238 | D:2      | HP: 15/37 [kobold (5)]
  3451 | D:3      | Reached XP level 5. HP: 41/42 MP: 5/5
  3916 | D:3      | Killed an ice beast
  3917 | D:3      | Reached skill level 6 in Crossbows
  3917 | D:3      | Reached XP level 6. HP: 50/50 MP: 6/6
  4366 | D:3      | Noticed Ijyb
  4382 | D:3      | HP: 23/50 [Ijyb (5)]
  4385 | D:3      | Gained mutation: You possess an exceptional clarity of
                  | mind. [potion of mutation]
  4385 | D:3      | Gained mutation: You are agile. (Dex +2) [potion of
                  | mutation]
  4385 | D:3      | Gained mutation: Your system is resistant to poisons.
                  | (rPois) [potion of mutation]
  4385 | D:3      | Gained mutation: Your flesh is cold resistant. (rC+)
                  | [potion of mutation]
  4385 | D:3      | HP: 11/50 [Ijyb (3)]
  4390 | D:3      | HP: 23/50 [Ijyb (3)]
  4391 | D:3      | Killed Ijyb
  4458 | D:3      | Found a sparkling altar of Nemelex Xobeh.
  4521 | D:3      | Noticed Robin
  4541 | D:3      | HP: 22/50 [goblin[Robin] (6)]
  4549 | D:3      | HP: 23/50 [ball python (1)]
  4575 | D:3      | HP: 25/50 [Robin/goblin (1)]
  4581 | D:3      | HP: 24/50 [hobgoblin[Robin] (1)]
  4586 | D:3      | HP: 24/50 [Robin (1)]
  4589 | D:3      | Killed Robin
  5046 | D:3      | HP: 24/50 [gnoll (5)]
  5278 | D:4      | Noticed a black bear
  5287 | D:4      | Killed a black bear
  5288 | D:4      | Reached skill level 7 in Crossbows
  5293 | D:4      | HP: 17/50 [iguana (12)]
  5585 | D:4      | Reached XP level 7. HP: 56/56 MP: 7/7
  6189 | D:4      | HP: 20/56 [something/puff of flame (12)]
  6645 | D:4      | Reached skill level 8 in Crossbows
  6769 | D:4      | HP: 28/56 [acid (7)]
  6771 | D:4      | HP: 9/56 [acid (9)]
  7261 | D:5      | Entered Level 5 of the Dungeon
  7408 | D:5      | Noticed a troll
  8125 | D:5      | Reached skill level 9 in Crossbows
  8125 | D:5      | Reached XP level 8. HP: 41/62 MP: 8/8
  8711 | D:6      | Found a shimmering altar of Xom.
  9190 | D:6      | Reached skill level 1 in Maces & Flails
  9286 | D:6      | Reached skill level 2 in Maces & Flails
  9296 | D:6      | Reached skill level 3 in Maces & Flails
  9308 | D:6      | HP: 29/62 [water moccasin zombie (5)]
  9861 | D:7      | Reached skill level 4 in Maces & Flails
  9983 | D:6      | HP: 27/62 [something/magic dart (10)]
 10023 | D:6      | HP: 25/62 [orc wizard/puff of flame (10)]
 10029 | D:6      | HP: 20/62 [orc wizard/magic dart (6)]
 10035 | D:5      | HP: 13/62 [orc wizard (4)]
 10446 | D:7      | Reached skill level 5 in Maces & Flails
 10446 | D:7      | Reached XP level 9. HP: 45/68 MP: 9/9
 10801 | D:7      | HP: 33/68 [gnoll (9)]
 10807 | D:7      | HP: 21/68 [gnoll (8)]
 10809 | D:7      | Reached skill level 6 in Maces & Flails
 11056 | D:7      | HP: 33/68 [poisoned by a killer bee]
 11057 | D:7      | HP: 12/68 [killer bee (5)]
 11062 | D:7      | HP: 14/102 [killer bee (1)]
 11067 | D:7      | HP: 10/102 [killer bee (5)]
 12001 | D:7      | Found a staircase to the Ecumenical Temple.
 12036 | D:7      | Noticed Joseph
 12043 | D:7      | HP: 27/68 [Joseph (15)]
 12050 | D:7      | HP: 40/102 [Joseph (2)]
 12055 | D:7      | HP: 28/102 [Joseph (1)]
 12060 | D:7      | Killed Joseph
 12061 | D:7      | Reached skill level 7 in Maces & Flails
 12615 | D:8      | Found a staircase to the Lair.
 12615 | D:8      | Identified the +1 ring mail of Stoicism {*Corrode rC+
                  | Dex+4}
 12636 | D:8      | Reached skill level 8 in Maces & Flails
 12809 | D:8      | HP: 30/68 [killer bee (7)]
 13017 | D:8      | Found a glowing golden altar of the Shining One.
 13020 | D:8      | Found a shimmering blue altar of Sif Muna.
 13023 | D:8      | Found a white marble altar of Elyvilon.
 13026 | D:8      | Found a stormy altar of Qazlal.
 13143 | Temple   | Entered the Ecumenical Temple
 13359 | Temple   | Became a worshipper of Warmaster Okawaru
 13387 | D:8      | Noticed Maurice
 13411 | D:8      | HP: 33/68 [something (4)]
 13417 | D:8      | Killed Maurice
 13417 | D:8      | Reached * piety under Okawaru
 13418 | D:8      | Reached skill level 9 in Maces & Flails
 13585 | D:8      | Noticed Maggie
 13620 | D:8      | HP: 29/68 [Maggie/bolt of fire (7)]
 13621 | D:8      | Killed Maggie
 13622 | D:8      | Reached skill level 10 in Maces & Flails
 13951 | D:8      | Reached XP level 10. HP: 59/74 MP: 10/10
 13959 | D:8      | Noticed Prince Ribbit
 13974 | D:8      | HP: 24/74 [Prince Ribbit (16)]
 13994 | D:8      | Killed Prince Ribbit
 14691 | D:8      | Reached skill level 11 in Maces & Flails
 15097 | D:9      | Reached ** piety under Okawaru
 15109 | D:9      | HP: 32/74 [killer bee (8)]
 15114 | D:9      | HP: 22/74 [poisoned by a killer bee]
 15359 | D:9      | Found a transporter.
 15360 | D:9      | Noticed Wyvernaa's ghost (novice FoFi)
 15361 | D:9      | Noticed a spectral centaur warrior
 15364 | D:9      | Found a transporter.
 15631 | D:9      | HP: 37/74 [gnoll sergeant (4)]
 15638 | D:9      | HP: 37/74 [gnoll (2)]
 15665 | D:8      | HP: 29/74 [orc warrior (10)]
 15671 | D:8      | HP: 16/74 [orc priest/divine providence (14)]
 16087 | D:9      | Found a hazy altar of Hepliaklqana.
 16145 | D:9      | Found an ancient bone altar of Kikubaaqudgha.
 16197 | D:9      | HP: 33/74 [wyvern (16)]
 16410 | D:9      | Identified the +3 scale mail of Prudence {Regen+ Str+4}
 16475 | D:10     | Entered Level 10 of the Dungeon
 16620 | D:10     | Reached skill level 1 in Armour
 16636 | D:10     | Reached skill level 3 in Fighting
 16658 | D:10     | Reached skill level 10 in Crossbows
 16735 | D:10     | Noticed a centaur warrior
 16739 | D:10     | HP: 26/77 [centaur warrior/arrow (19)]
 16746 | D:10     | HP: 20/77 [centaur warrior (10)]
 16756 | D:10     | HP: 15/77 [centaur warrior (9)]
 16759 | D:10     | Killed a centaur warrior
 16760 | D:10     | Reached skill level 2 in Armour
 16766 | D:10     | HP: 18/78 [centaur warrior zombie (1)]
 16772 | D:10     | Reached *** piety under Okawaru
 16773 | D:10     | Reached skill level 4 in Fighting
 16992 | D:10     | HP: 33/78 [troll (10)]
 16998 | D:10     | HP: 12/78 [troll (9)]
 16999 | D:10     | HP: 4/78 [troll (9)]
 17000 | D:10     | Slain by a troll

Illustrated notes

Levels and vault maps discovered:
D:1:      minmay_arrival_radiant_lines, layout_loops_ring,
          ebering_ecumenical_altar_box
D:2:      layout_basic, basic_altar, serial_rivers,
          chequers_serial_rivers_room_b, chequers_serial_rivers_small_b,
          chequers_serial_rivers_marsh, chequers_serial_rivers_large_a,
          chequers_serial_rivers_small_b, chequers_serial_rivers_micro_e,
          serial_shops, shop
D:3:      layout_loops_corners, nemelex_diamond_rough_becter,
          ebering_dispersal_statue_hall, grunt_ministairs_10, minivault_23,
          minmay_misc_feat_doors, chequers_avenue, st_stairs_13,
          minmay_quantized, uniq_robin, uniq_ijyb
D:4:      minmay_octagon_keep, layout_basic
D:5:      layout_gridville
D:6:      layout_basic, mainiacjoe_overflow_catwalk
D:7:      layout_gridville, temple_green, minmay_misc_feat_roman,
          minmay_statues_item, uniq_joseph
D:8:      layout_cave_pods, grunt_temple_overflow_cloverleaf, lair_entry_dummy,
          nicolae_ossuary_entry_false_entrances, minmay_misc_feat_plants,
          kennysheep_decorative_pillar, uniq_maggie, uniq_maurice,
          uniq_prince_ribbit1
D:9:      layout_stronghold, old_standard_altar,
          nicolae_hepliaklqana_hazy_memory, gammafunk_ghost_mausoleum
D:10:     layout_loops_cross, serial_shops, shop
Temple:   eino_temple_water

Skill      XL: |  1  2  3  4  5  6  7  8  9 10 |
---------------+-------------------------------+-----
Crossbows      | 4 5 6 7 9 10 | 10.2
Maces & Flails | 5 10 11 | 11.7
Armour         | 2 |  2.8
Fighting       | 4 |  4.1
Dodging        | |  1.5
Stealth        | |  0.7

Action                   |  1- 3 |  4- 6 |  7- 9 | 10-12 || total
-------------------------+-------+-------+-------+-------++-------
Melee: Short sword       |    96 |       |       |       ||    96
       Whip              |     5 |   154 |   409 |   200 ||   768
 Fire: Hand crossbow     |    37 |    18 |    19 |     7 ||    81
Evoke: Wand              |       |       |     2 |     1 ||     3
  Use: Potion            |       |     2 |     4 |       ||     6
       Scroll            |       |       |     6 |       ||     6
 Stab: Sleeping          |     2 |     1 |       |     1 ||     4
Armor: Leather armour    |    38 |    32 |    81 |    18 ||   169
       Skin              |       |       |    24 |       ||    24
       Scale mail        |       |       |       |    50 ||    50
Dodge: Dodged            |   107 |   116 |   230 |   114 ||   567

Table legend: (Time is in decaauts)
 A = Elapsed time spent in this place.
 B = Non-inter-level travel time spent in this place.
 C = Inter-level travel time spent in this place.
 D = Time resting spent in this place.
 E = Time spent auto-exploring this place.
 F = Levels seen in this place.
 G = Mean time per level.
                   A        B        C        D        E       F      G
               +--------+--------+--------+--------+--------+-----+--------+
         Total |  16900 |  16326 |    574 |   6127 |   7863 |  11 | 1536.4 |
       Dungeon |  16674 |  16120 |    554 |   6127 |   7660 |  10 | 1667.4 |
        Temple |    226 |    206 |     20 |      0 |    203 |   1 |  226.0 |
               +--------+--------+--------+--------+--------+-----+--------+

Top non-repeatable levels by time:
     D:7: 2657 daAuts
     D:8: 2504 daAuts
     D:2: 2247 daAuts
     D:3: 2181 daAuts
     D:4: 2072 daAuts
     D:6: 1517 daAuts
     D:5: 1367 daAuts
     D:1: 862 daAuts
     D:9: 787 daAuts
    D:10: 475 daAuts
  Temple: 226 daAuts
